 Dungeon Crawl Stone Soup version 0.31.0-32-g396128a36d (webtiles) character file.

Game seed: 7658893048231379983

177 Endy73 the Conjurer (level 5, -4/28 HPs)
             Began as a Deep Elf Conjurer on Mar 31, 2024.
             Slain by a gnoll sergeant
             ... wielding a +2 antimagic spear
              (5 damage)
             ... on level 3 of the Dungeon.
             The game lasted 00:19:44 (3314 turns).

Endy73 the Conjurer (Deep Elf Conjurer)             Turns: 3314, Time: 00:19:45

Health: -4/28      AC:  4    Str:  4    XL:     5   Next: 30%
Magic:  1/14       EV: 12    Int: 25    God:
Gold:   135        SH:  0    Dex: 15    Spells: 2/13 levels left

rFire   + . .        k - +9 spear "Rakugg" {freeze, rF+ Dex+2}
rCold   . . .        (no shield)
rNeg    + . .        a - +0 robe
rPois   .            (no helmet)
rElec   .            r - +1 cloak
rCorr   .            (no gloves)
SInv    .            (no boots)
Will    .....        (no amulet)
Stlth   ++           e - ring of positive energy
HPRegen 0.24/turn    (no ring)
MPRegen 0.14/turn

%: no passive effects
@: about to teleport
A: no striking features
a: no special abilities


You were on level 3 of the Dungeon.
You visited 1 branch of the dungeon, and saw 3 of its levels.

You collected 135 gold pieces.

Inventory:

Hand Weapons
 h - a +0 short sword
 k - the +9 spear "Rakugg" (weapon) {freeze, rF+ Dex+2}
   (You found it on level 2 of the Dungeon)

   Dex+2:     It affects your dexterity (+2).
   rF+:       It protects you from fire.
Missiles
 g - 8 boomerangs
Armour
 a - a +0 robe (worn)
 r - a +1 cloak (worn)
Jewellery
 d - a ring of willpower
 e - a ring of positive energy (left hand)
 j - a ring of wizardry
 p - a ring of willpower
Talismans
 c - a beast talisman
 s - a blade talisman
Scrolls
 i - 2 scrolls of teleportation
Potions
 b - a potion of magic
 f - a potion of enlightenment
 n - a potion of brilliance {unknown}


   Skills:
 - Level 2.4 Dodging
 - Level 2.4 Stealth
 - Level 4.8 Spellcasting
 - Level 6.0 Conjurations
 + Level 2.1 Alchemy


You had 2 spell levels left.
You knew the following spells:

 Your Spells              Type           Power      Damage    Failure   Level
a - Magic Dart            Conj           100%       1d8       1%          1
b - Searing Ray           Conj           72%        2d7       1%          2
c - Iskenderun's Mystic   Conj/Tloc      21%        2d6       24%         4
d - Fulminant Prism       Conj/Alch      13%        3d8       16%         4

Your spell library contained the following spells:

 Spells                   Type           Power      Damage    Failure   Level


Dungeon Overview and Level Annotations

Branches:
Dungeon (3/15)

Altars:
Ashenzari

Annotations:
D:2 exclusion: downstairs


Message History

Found a hand axe.
The gnoll sergeant shouts!
A gnoll sergeant is nearby!
Casting: Magic Dart (safe; 1% risk of failure)
Confirm with . or Enter, or press ? or * to list all spells.
Aiming: Searing Ray (safe; 1% risk of failure)
Press: ? - help, Shift-Dir - straight line, f - gnoll sergeant
Aim: a gnoll sergeant, wielding a +2 antimagic spear and wearing a +0 ring mail (86% to hit)
Okay, then.
Casting: Searing Ray (safe; 1% risk of failure)
Confirm with . or Enter, or press ? or * to list all spells.
Aiming: Searing Ray (safe; 1% risk of failure)
Press: ? - help, Shift-Dir - straight line, f - gnoll sergeant
Aim: a gnoll sergeant, wielding a +2 antimagic spear and wearing a +0 ring mail (86% to hit)
The searing ray hits the gnoll sergeant but does no damage. (Press . to maintain the ray.)
The searing ray hits the gnoll sergeant but does no damage.
The gnoll sergeant hits you but does no damage.
The searing ray misses the gnoll sergeant.
The gnoll sergeant hits you from afar with a +2 antimagic spear.
You feel your power leaking away.
Casting: Searing Ray (safe; 1% risk of failure)
Confirm with . or Enter, or press ? or * to list all spells.
Restarting spell: Searing Ray (safe; 1% risk of failure)
Press: ? - help, Shift-Dir - straight line, f/p - gnoll sergeant
Aim: a gnoll sergeant, wielding a +2 antimagic spear and wearing a +0 ring mail (86% to hit)
The searing ray hits the gnoll sergeant!
The gnoll sergeant is moderately wounded. (Press . to maintain the ray.)
The gnoll sergeant barely misses you.
The searing ray misses the gnoll sergeant.
The gnoll sergeant hits you from afar with a +2 antimagic spear!
You feel your power leaking away.
Without enough magic to sustain it, your searing ray dissipates.
The gnoll sergeant hits you from afar with a +2 antimagic spear!
* * * LOW HITPOINT WARNING * * *
As you read the scroll of teleportation, it crumbles to dust.
You feel strangely unstable.
The gnoll sergeant hits you from afar with a +2 antimagic spear.
You die... ..........###)##.......#... .#..gg#######†##........... ......#.......)............ ...g. #.................... ...g. #.........†.......... g.gg

#....)...####........
....
#.##.##..............
# ♣)♣##....#........
♣♣@♣♣#.............
♣)..♣##............
♣♣.g.♣♣##...........
♣.....♣ ##..........
♣♣.♣..)♣ #..........
♣....♣..♣ #.......)..
♣)........♣#......#.).
♣.###'###.♣#......#..†
♣. ..... .♣#......#...


You could see a gnoll sergeant.

Vanquished Creatures
  Terence (D:3)
  An orc wizard (D:2)
  Robin (D:3)
  2 adders (D:3)
  2 gnolls (D:3)
  A ribbon worm (D:2)
  2 dart slugs (D:3)
  6 orcs
  4 giant cockroaches
  9 goblins
  7 hobgoblins
  6 jackals
  A quokka (D:1)
  5 ball pythons
  7 bats
  5 frilled lizards
  4 kobolds
  3 rats (D:1)
67 creatures vanquished.

Notes
Turn   | Place    | Note
-------+----------+-------------------------------------------
     0 | D:1      | Endy73 the Deep Elf Conjurer began the quest for the Orb.
     0 | D:1      | Reached XP level 1. HP: 10/10 MP: 6/6
   296 | D:1      | Reached XP level 2. HP: 15/15 MP: 4/8
   395 | D:1      | Learned a level 2 spell: Searing Ray
   661 | D:1      | You fall into a shaft and drop 1 floor!
   669 | D:2      | Identified the +9 spear "Rakugg" {freeze, rF+ Dex+2}
   836 | D:2      | Reached skill level 5 in Conjurations
   836 | D:2      | Reached XP level 3. HP: 10/19 MP: 2/10
  1078 | D:2      | Found a faded altar of an unknown god.
  2326 | D:3      | Noticed Terence
  2335 | D:3      | Reached XP level 4. HP: 24/24 MP: 12/12
  2512 | D:3      | Noticed Robin
  2646 | D:3      | Learned a level 4 spell: Iskenderun's Mystic Blast
  2651 | D:3      | Learned a level 4 spell: Fulminant Prism
  2672 | D:3      | Killed Terence
  2673 | D:3      | Reached skill level 1 in Alchemy
  2863 | D:3      | Found a broken altar of Ashenzari.
  2935 | D:3      | Killed Robin
  3033 | D:3      | Reached XP level 5. HP: 28/28 MP: 11/14
  3273 | D:3      | Reached skill level 6 in Conjurations
  3300 | D:3      | Found the +5 woodcutter's axe
  3312 | D:3      | HP: 1/28 [gnoll sergeant/+2 antimagic spear (11)]
  3314 | D:3      | Slain by a gnoll sergeant

Illustrated notes

Levels and vault maps discovered:
D:1:      dpeg_arrival_pits, layout_loops_ring, minmay_tetromino_l2
D:2:      layout_loops_cross, shapermc_ecumenical_altar_mp_vishouse
D:3:      layout_basic, mainiacjoe_overflow_surrounded_room,
          mainiacjoe_overflow_cross_hatched, gammafunk_ghost_cemetery,
          minmay_stone_trees_medium, pf_guarded_unrand_woodcutter, uniq_terence,
          uniq_robin

Skill      XL: |  1  2  3  4  5 |
---------------+----------------+-----
Spellcasting   | 4 |  4.8
Conjurations   | 5 6 |  6.0
Alchemy        | 1 2 |  2.1
Dodging        | |  2.4
Stealth        | |  2.4

Action                     |  1- 3 |  4- 6 || total
---------------------------+-------+-------++-------
  Melee: Short sword       |     2 |       ||     2
         Spear             |     3 |     9 ||    12
   Cast: Magic Dart        |    53 |    38 ||    91
         Searing Ray       |     5 |    14 ||    19
    Use: Scroll            |     7 |     1 ||     8
 Armour: Robe              |     9 |    27 ||    36
  Dodge: Dodged            |     7 |    13 ||    20
